Map: Hardwire LE

Players

Pandemic - Winner!

  • Race: Terran Terran
  • League: Platinum

GalacticKnob

  • Race: Zerg Zerg
  • League: Platinum

VOD

Have the link to the VOD?

Description

Time

  • Played on: Oct. 23, 2021, 5:12 p.m.
  • Length: 15:59
Show
View Real Time Build Order
Export as new Build Order

Pandemic Terran - Winner!

Build Orders: Hellion Banshee 

Get SALT Encoding   

  12  0:00  SCV  
  13  0:12  SCV  
  14  0:17  Supply Depot  
  14  0:24  SCV  
  15  0:38  SCV  
  15  0:40  Barracks  
  16  0:44  Refinery  
  16  0:50  SCV  
  17  1:03  SCV  
  18  1:15  SCV  
  19  1:27  Orbital Command  
  19  1:28  Marine  
  20  1:43  Command Center  
  20  1:54  Supply Depot  
  20  1:55  Barracks Reactor  
  20  1:56  SCV  
  21  2:08  SCV  
  22  2:10  Factory  
  22  2:15  Refinery  
  22  2:21  SCV  
  23  2:28  Bunker  
  23  2:33  SCV  
  24  2:43  Barracks Tech Lab  
  24  2:45  SCV  
  25  2:56  Orbital Command  
  25  2:57  SCV  
  26  3:05  Starport, Hellion  
  30  3:06  Hellion  
  30  3:09  SCV  
  30  3:11  Barracks Tech Lab  
  31  3:21  SCV  
  31  3:23  SCV  
  37  3:27  Hellion x2  
  37  3:33  Marine, SCV  
  39  3:35  SCV  
  40  3:41  Banshee  
  40  3:45  SCV  
  44  3:50  Supply Depot  
  44  3:51  Marine  
  44  3:53  Supply Depot, SCV  
  46  3:59  Supply Depot  
  46  4:05  Engineering Bay  
  46  4:11  SCV  
  46  4:12  SCV, Hellion  
  46  4:13  Marine  
  51  4:17  Hellion  
  51  4:23  Supply Depot  
  51  4:24  SCV  
  54  4:27  SCV  
  54  4:28  Barracks  
  54  4:31  Barracks  
  55  4:42  SCV x2  
  57  4:45  Marine  
  57  4:47  Combat Shield  
  57  4:51  Terran Infantry Weapons Level 1  
  58  4:54  SCV x2  
  60  5:03  Marine  
  60  5:06  SCV x2  
  61  5:07  Supply Depot  
  61  5:10  Refinery  
  61  5:15  Siege Tank  
  61  5:16  Armory  
  61  5:17  Medivac  
  61  5:18  SCV  
  61  5:19  SCV  
  61  5:21  Marine  
  69  5:30  Supply Depot, SCV  
  69  5:31  SCV  
  69  5:32  Barracks Reactor  
  69  5:33  Barracks Reactor  
  71  5:39  Marine  
  71  5:42  SCV  
  73  5:43  SCV  
  73  5:46  Supply Depot x2  
  73  5:47  Supply Depot  
  74  5:54  SCV  
  74  5:55  SCV  
  74  5:57  Marine  
  77  6:06  Stimpack, SCV  
  78  6:13  Supply Depot, Siege Tank  
  78  6:14  Marine x4  
  78  6:15  Marine  
  78  6:16  Medivac x2  
  78  6:17  SCV  
  91  6:20  SCV  
  92  6:29  SCV, Command Center  
  92  6:32  Marine x4, SCV  
  98  6:40  Supply Depot  
  98  6:41  SCV  
  98  6:42  Refinery  
  98  6:44  Marine, SCV  
  101  6:50  Marine x4  
  101  6:53  SCV  
  104  6:56  SCV  
  105  7:02  Supply Depot, Marine  
  105  7:05  SCV  
  105  7:07  Marine x2  
  105  7:08  SCV, Marine x2  
  112  7:18  SCV  
  112  7:19  Marine  
  112  7:20  SCV  
  115  7:25  Terran Infantry Weapons Level 2, Marine x3  
  115  7:26  Marine  
  115  7:27  Terran Vehicle And Ship Armor Level 1  
  115  7:28  Barracks  
  119  7:30  SCV  
  119  7:32  Barracks, SCV, Engineering Bay  
  119  7:33  Supply Depot  
  119  7:37  Supply Depot  
  121  7:40  Marine  
  121  7:42  SCV  
  121  7:43  Marine x2  
  125  7:44  Siege Tank, SCV  
  125  7:48  Medivac x2  
  133  7:54  SCV  
  134  8:02  SCV  
  134  8:03  Orbital Command  
  134  8:06  SCV  
  134  8:11  Command Center  
  132  8:15  SCV  
  132  8:16  Siege Tank  
  132  8:18  SCV  
  135  8:20  Refinery  
  135  8:21  Refinery  
  135  8:27  SCV  
  136  8:29  Terran Infantry Armor Level 1  
  136  8:30  SCV  
  136  8:33  SCV  
  138  8:34  Marine x3  
  138  8:35  Barracks Reactor x2, Factory  
  138  8:37  Marauder  
  138  8:39  Concussive Shells, SCV  
  144  8:41  Marine  
  144  8:42  SCV  
  144  8:45  SCV  
  146  8:51  SCV  
  146  8:52  Marine x2  
  146  8:54  SCV  
  150  8:57  SCV  
  150  8:58  Marauder  
  153  9:03  SCV  
  153  9:04  Command Center  
  153  9:06  SCV  
  153  9:07  Sensor Tower  
  153  9:09  SCV  
  156  9:15  SCV  
  154  9:19  SCV  
  154  9:21  SCV, Starport  
  156  9:26  Factory Tech Lab  
  156  9:27  Medivac, SCV  
  156  9:28  Medivac  
  156  9:29  Marine  
  156  9:30  Marine x8  
  156  9:31  SCV  
  172  9:33  Orbital Command  
  171  9:47  Marine x6  
  171  9:48  Marine x3  
  180  9:57  Medivac  
  182  10:03  Sensor Tower  
  182  10:05  Marine x6  
  188  10:07  Marine  
  188  10:14  Supply Depot  
  188  10:16  Marine x2  
  188  10:17  Medivac  
  188  10:19  Starport Tech Lab  
  173  10:23  Marine x5  
  173  10:27  Marine x2  
  145  10:28  Siege Tank x2  
  145  10:29  Supply Depot x2  
  145  10:33  Marine x2  
  145  10:41  Marine x5  
  150  10:45  Marine x2  
  150  10:51  Marine  
  150  10:56  Raven, Marine  
  145  10:58  Marine  
  145  10:59  Marine x4  
  145  11:00  Siege Tank  
  145  11:01  Siege Tank  
  145  11:02  Terran Infantry Weapons Level 3  
  145  11:03  Marine  
  157  11:05  Terran Vehicle Weapons Level 1  
  157  11:10  Marauder  
  150  11:28  Medivac x2  
  150  11:29  Marine  
  150  11:30  Marine x7  
  150  11:31  Marauder  
  164  11:33  Siege Tank x2  
  170  11:43  Command Center  
  167  11:47  Marine  
  167  11:48  Marine x7  
  167  11:52  Marauder  
  177  11:58  Terran Infantry Armor Level 2  
  177  11:59  Barracks  
  176  12:05  Siege Tank, Marine x6  
  176  12:06  Barracks, Marine x2  
  187  12:13  Marine  
  188  12:17  Planetary Fortress  
  188  12:23  Marine x3  
  191  12:36  Marine  
  192  12:37  Marine x5  
  192  12:40  Refinery  
  197  12:45  Refinery  
  197  12:46  Missile Turret  
  197  12:48  Missile Turret  
  197  12:50  Marine x3  
  200  12:52  Barracks Tech Lab  
  200  12:53  Barracks Tech Lab  
  200  13:04  Command Center  
  188  13:20  Raven  
  188  13:21  Medivac x2  
  188  13:22  Marine x11  
  192  13:27  Refinery  
  192  13:28  Refinery  
  192  13:41  Marauder x3  
  198  13:45  SCV  
  198  13:46  Planetary Fortress  
  198  13:47  SCV  
  200  14:08  Raven  
  182  14:22  Orbital Command, Marine  
  182  14:23  Marine x10  
  176  14:35  Command Center  
  171  14:40  Marine  
  171  14:41  Marine x10  
  178  14:58  Marine x4  
  178  14:59  Marine x7  
  184  15:16  Marine x7  
  184  15:18  Marauder x3  
  184  15:19  Siege Tank  
  200  15:29  Orbital Command  
Show
View Real Time Build Order
Export as new Build Order

GalacticKnob Zerg 

Build Orders: Hatch First, Roach Hydra 

Get SALT Encoding   

  12  0:00  Drone  
  13  0:13  Overlord  
  13  0:16  Drone  
  14  0:31  Drone x2  
  14  0:35  Drone  
  17  0:53  Hatchery  
  17  0:56  Drone  
  17  0:59  Drone  
  17  1:03  Extractor  
  17  1:07  Drone  
  18  1:18  Spawning Pool  
  17  1:22  Drone  
  18  1:30  Drone  
  19  1:40  Overlord  
  19  1:50  Drone  
  20  2:04  Drone  
  20  2:05  Metabolic Boost  
  21  2:17  Queen x2  
  21  2:19  Zergling x4  
  27  2:27  Drone x3  
  30  2:44  Overlord  
  30  2:46  Drone  
  30  2:47  Hatchery  
  30  2:53  Drone x2  
  32  2:59  Queen  
  34  3:08  Drone x3  
  34  3:10  Overlord  
  37  3:15  Queen  
  39  3:29  Drone  
  39  3:30  Drone x2  
  42  3:40  Drone x2  
  42  3:41  Drone x2  
  46  3:42  Overlord  
  46  3:46  Queen  
  48  3:50  Drone  
  49  3:59  Queen  
  49  4:00  Queen  
  49  4:01  Drone  
  49  4:02  Drone x2  
  56  4:03  Overlord  
  55  4:11  Spine Crawler  
  55  4:16  Evolution Chamber  
  53  4:17  Evolution Chamber  
  53  4:19  Roach Warren  
  51  4:24  Spine Crawler  
  51  4:28  Drone x4, Spore Crawler, Spine Crawler  
  52  4:36  Spore Crawler  
  51  4:51  Drone x2  
  51  4:52  Drone x6  
  59  5:13  Drone x4  
  63  5:16  Drone x3  
  63  5:18  Drone  
  63  5:20  Extractor, Drone x3  
  69  5:21  Overlord x2  
  69  5:22  Overlord  
  69  5:29  Spore Crawler  
  69  5:30  Drone  
  69  5:31  Drone x2, Hatchery  
  67  6:12  Extractor, Drone x3  
  67  6:13  Drone x3  
  67  6:14  Extractor, Drone x3  
  67  6:15  Overlord  
  74  6:20  Lair  
  74  6:50  Hatchery, Overlord x3  
  73  6:58  Drone x2  
  75  7:12  Zerg Missile Weapons Level 1  
  75  7:13  Zerg Ground Armor Level 1  
  74  7:23  Hydralisk Den, Glial Reconstitution  
  74  7:27  Roach x5  
  74  7:28  Roach x2  
  87  7:33  Drone  
  87  7:34  Extractor x2, Drone x2  
  87  7:35  Drone x3  
  87  7:36  Drone  
  87  7:37  Drone  
  91  8:18  Muscular Augments  
  91  8:19  Hydralisk x5  
  97  8:20  Hydralisk x3  
  106  8:30  Drone x3  
  106  8:31  Drone x6  
  106  8:32  Drone x2  
  117  8:38  Hydralisk x2  
  117  8:39  Hydralisk x3  
  127  8:42  Overlord x2  
  127  8:44  Overlord x2  
  127  8:54  Hydralisk x3  
  133  8:57  Overlord x4  
  133  9:25  Overseer x3  
  133  9:29  Hydralisk  
  133  9:30  Grooved Spines, Hydralisk x5, Roach  
  133  9:31  Roach x3  
  153  9:44  Pneumatized Carapace  
  153  9:58  Hydralisk x3  
  153  9:59  Roach x5  
  167  10:08  Extractor  
  167  10:09  Extractor  
  93  10:38  Hydralisk x2  
  93  10:39  Hydralisk x4, Roach x4  
  93  10:40  Roach x4  
  93  10:42  Queen x5  
  113  11:15  Hydralisk x2  
  113  11:16  Hydralisk x3, Roach x4  
  113  11:17  Roach x3  
  137  11:35  Hydralisk x2, Roach x2  
  137  11:36  Roach x3  
  145  11:53  Zerg Missile Weapons Level 2  
  145  12:08  Hydralisk x2  
  145  12:09  Hydralisk, Roach x4  
  145  12:13  Overlord x4  
  145  12:14  Zergling x2  
  145  12:15  Zergling x12  
  166  12:17  Hatchery  
  166  12:21  Overlord x2  
  150  12:45  Hatchery  
  143  12:58  Infestation Pit  
  143  13:04  Lurker Den  
  81  13:34  Hydralisk  
  81  13:35  Hydralisk x5, Roach x3  
  81  13:36  Hydralisk x6, Roach x5  
  81  13:37  Hydralisk x3, Roach x5  
  81  13:38  Roach x2  
  81  13:39  Roach  
  145  13:43  Zergling x2  
  145  13:44  Zergling x24  
  75  14:27  Hydralisk  
  75  14:28  Hydralisk, Roach x4  
  75  14:29  Hydralisk x3, Roach x6  
  75  14:30  Roach  
  61  15:18  Lurker x2  
  61  15:19  Lurker x3  
Tags
 
Add a new tag
Caveats
  • Supply blocks, unpowered buildings, or Contaminate may cause inaccurate times.
  • Supply counts are checked every 10 seconds.